Workbook
Name LISTADO: 'LISTADO PCI''s'!$A$2:$D$152
Name NOM_BPIN: '[1]RUBROS X BPIN '!$A$2:$D$338
Name Regional_Antioquia: #REF!
Name Regional_Valle: #REF!
Name regionales: [2]regionales!$A$1:$B$34

Sheet Instrucciones
J1: Versión: 04
J2: Código: GIL-F-077
A3: PROCESO
A4: GESTIÓN DE INFRAESTRUCTURA Y LOGÍSTICA
A5: NOMBRE DEL FORMATO
A6: FORMATO MANTENIMIENTO DE BIENES INMUEBLES
A7: CLASIFICACIÓN DE LA INFORMACIÓN
A8: Pública | C8: Pública Clasificada | G8: Pública Reservada
A9: INSTRUCCIONES PARA EL DILIGENCIAMIENTO DEL FORMATO
A10: NO IMPRIMIR
A11: 1. Generalidades
A12: Este formato debe ser diligenciado cuando se finalicen los contratos de mantenimiento y adecuación , con el fin de conservar la capacidad normal de uso del bien inmueble.
A13: Debe ser diligenciado por el supervisor de cada uno de estos contratos. Los profesionales homólogos del Grupo de Infraestructura con el apoyo del profesional del área de Contabilidad de cada Centro de Formación, Regional y Dirección General, pueden prestar su apoyo en caso de ser requerido.
A14: Este formato debe ser diligenciado con el soporte GIL-F-029: "Certificación contrato para Intervenciones a Inmuebles."
A15: El profesional de contabilidad de la Regional, Centro de formación o Dirección General, encargado de apoyo de consolidar, debe verificar que la información suministrada concuerde con la información diligenciada en las casillas respectivas de "OBLIGACIÓN"; Debe ser igual el valor que registra SIIF Nación II al corte del mes a reportar, de no ser así debe dar la alerta al supervisor para su revisión.
A16: 2. Instrucciones para diligenciar las casillas
A17: NOMBRE DE LA CASILLA | B17: INSTRUCCIONES | G17: TENER EN CUENTA
A18: ITEM | B18: Consecutivo numérico que identifica el orden dentro del cuadro de cada una de los registros de las transacciones realizadas.
A19: REGIONAL | B19: Seleccione de la lista desplegable, el nombre de la Regional según sea el caso.
A20: CODIGO REGIONAL | B20: Campo formulado. No modificar. Se elige automáticamente dependiendo de la selección de la regional.
A21: CENTRO DE FORMACIÓN | B21: Seleccione de la lista el nombre del Centro de Formación según sea el caso.
A22: CODIGO PCI EJECUCIÓN PRESUPUESTAL | B22: Campo formulado. No modificar. Código de la posición del catálogo institucional del centro de costo por el cual se esta realizando la ejecución presupuestal de la obra.
A23: MUNICIPIO | B23: Nombre del municipio en el que se ejecuta el mantenimiento o adecuación. Elegir de la lista desplegable.
A24: DIRECCIÓN DEL INMUEBLE OBJETO DE LA OBRA | B24: Dirección del Inmueble sobre el cual se está adelantando la obra tal como se muestra en el avalúo.
A25: No. CONTRATO | B25: Número del contrato suscrito, por la entidad por medio del cual se adquieren los bienes y servicios. En caso de pagos de licencias u otros diferentes a contratos, se debe registrar el número de la resolución que autoriza el pago o numero de factura que se está pagando.
A26: LINK DEL CONTRATO | B26: Insertar el link del contrato en Secop II que no requiera usuario y contraseña.
A27: OBJETO CONTRACTUAL | B27: Objeto con el cual se suscribió el contrato de mantenimiento o adecuación. Ingresar el concepto del pago.
A28: No. CÉDULA O NIT DEL CONTRATISTA | B28: Indique el número de cédula o NIT del contratista titular del contrato relacionado.
A29: NOMBRE TERCERO CONTRATISTA | B29: Nombre o Razón social de la persona titular del contrato.
... A35: VALOR TOTAL DEL CONTRATO | B35: Valor total del contrato que resulta de la sumatoria del valor inicial del contrato y la del campo de adiciones o disminuciones. Campo formulado, no se debe modificar.
A36: OBLIGACIÓN
A37: No TRANSACCIÓN REGISTRADA EN SIIF | B37: Consecutivo numérico del registro de los pagos o anticipo que se genera por parte de la persona de contabilidad en el Sistema SIIF Nación II.
A38: FECHA | B38: Fecha del registro de la obligación o amortización en el sistema SIIF Nación II.
A39: VALOR PAGADO | B39: Valor por el cual se registra el pago de la obligación.
A40: CTA CONTABLE | B40: Código contable que identifica la afectación en el registro del pago de la obligación o amortización de anticipo por parte del profesional de cuentas por pagar.
A41: SUPERVISOR | B41: Nombre del supervisor del contrato que diligencia la información a reportar.
A42: COORDINADOR GRUPO ADMINISTRATIVO MIXTO Y/O COORD DE INFRAESTRUCTURA (DG) | B42: Nombre del Coordinador del grupo administrativo y/o profesional que revisa y envía la información.

Sheet Formato GIL-F-077
X1: Versión: 04
X2: Código: GIL-F-077
A3: PROCESO
A4: GESTIÓN DE INFRAESTRUCTURA Y LOGÍSTICA
A5: NOMBRE DEL FORMATO
A6: FORMATO MANTENIMIENTO DE BIENES INMUEBLES
A7: CLASIFICACIÓN DE LA INFORMACIÓN
A8: Pública | G8: Pública Clasificada | P8: Pública Reservada
A9: ANTES DE DILIGENCIAR, LEER LAS INSTRUCCIONES. CLICK AQUÍ
A10: ITEM | B10: REGIONAL | C10: CÓDIGO REGIONAL | D10: CENTRO DE FORMACIÓN | E10: CODIGO PCI EJECUCIÓN PRESUPUESTAL | F10: MUNICIPIO | G10: DIRECCIÓN DEL INMUEBLE OBJETO DE LA OBRA | H10: No CONTRATO | I10: LINK DEL CONTRATO | J10: OBJETO CONTRACTUAL | K10: No. CÉDULA O NIT DEL CONTRATISTA | L10: NOMBRE TERCERO CONTRATISTA | M10: FECHA DE SUSCRIPCIÓN DEL CONTRATO | N10: FECHA DE INICIO | O10: FECHA DE TERMINACIÓN | P10: VALOR INICIAL DEL CONTRATO | Q10: ADICIONES O DISMINUCIONES AL VALOR DEL CONTRATO | R10: VALOR TOTAL DEL CONTRATO | S10: OBLIGACIÓN | W10: SUPERVISOR | X10: COORDINADOR GRUPO ADMINISTRATIVO MIXTO Y/O COORD. DE INFRAESTRUCTURA (DG)
S11: N° TRANSACCIÓN REGISTRADA EN SIIF | T11: FECHA | U11: VALOR PAGADO | V11: CTA CONTABLE
A12: 1 | B12: SUCRE | C12: =IFERROR(VLOOKUP(B12,CODIGOS!D1:E34,2,0),"") -> 070 | D12: SUCRE Centro De La Innovación, La Tecnología y Los servicios. | E12: =IFERROR(VLOOKUP(D12,CODIGOS!$A$2:$B$153,2,0),"") -> 36-02-00-070-954210 | F12: SUCRE MAJAGUAL | G12: CORRIGIMIENTO EL PALOMAR | H12: CO1.PCCNTR.8129648 | I12: https://community.secop.gov.co/Public/Tendering/OpportunityDetail/Index?noticeUID=CO1.NTC.8437024&isFromPublicArea=True&isModal=Fals | J12: CONTRATAR EL MANTENIMIENTO DE INFRAESTRUCTURA EN LA REGIONAL SUCRE DEL SENA, CONSISTENTE EN LA IMPERMEABILIZACIÓN DE CUBIERTAS MEDIANTE MANTO Y PINTURA ASFÁLTICA EN LAS SEDES LA GALLERA Y EL PALOMAR; ASÍ COMO LA APLICACIÓN DE PINTURA EN EL AMBIENTE DE AGROINDUSTRIA DE LA SEDE EL PALOMAR. | K12: 92546475 | L12: CARLOS SEGUNDO BENITEZ MARTINEZ | N12: 45877 | O12: 45961 | P12: 1.225279e+08 | R12: =+P12+Q12 -> 1.225279e+08 | W12: MIGUEL CABALLERO | X12: JHON MARIO ACUÑA
C13: =IFERROR(VLOOKUP(B13,CODIGOS!D1:E34,2,0),"") | E13: =IFERROR(VLOOKUP(D13,CODIGOS!$A$2:$B$153,2,0),"") | R13: =+P13+Q13 -> 0
C14: =IFERROR(VLOOKUP(B14,CODIGOS!D1:E34,2,0),"") | E14: =IFERROR(VLOOKUP(D14,CODIGOS!$A$2:$B$153,2,0),"") | R14: =+P14+Q14 -> 0
C15: =IFERROR(VLOOKUP(B15,CODIGOS!D1:E34,2,0),"") | E15: =IFERROR(VLOOKUP(D15,CODIGOS!$A$2:$B$153,2,0),"") | R15: =+P15+Q15 -> 0
C16: =IFERROR(VLOOKUP(B16,CODIGOS!D1:E34,2,0),"") | E16: =IFERROR(VLOOKUP(D16,CODIGOS!$A$2:$B$153,2,0),"") | R16: =+P16+Q16 -> 0
C17: =IFERROR(VLOOKUP(B17,CODIGOS!D1:E34,2,0),"") | E17: =IFERROR(VLOOKUP(D17,CODIGOS!$A$2:$B$153,2,0),"") | R17: =+P17+Q17 -> 0
C18: =IFERROR(VLOOKUP(B18,CODIGOS!D1:E34,2,0),"") | E18: =IFERROR(VLOOKUP(D18,CODIGOS!$A$2:$B$153,2,0),"") | R18: =+P18+Q18 -> 0
C19: =IFERROR(VLOOKUP(B19,CODIGOS!D1:E34,2,0),"") | E19: =IFERROR(VLOOKUP(D19,CODIGOS!$A$2:$B$153,2,0),"") | R19: =+P19+Q19 -> 0
C20: =IFERROR(VLOOKUP(B20,CODIGOS!D1:E34,2,0),"") | E20: =IFERROR(VLOOKUP(D20,CODIGOS!$A$2:$B$153,2,0),"") | R20: =+P20+Q20 -> 0
C21: =IFERROR(VLOOKUP(B21,CODIGOS!D1:E34,2,0),"") | E21: =IFERROR(VLOOKUP(D21,CODIGOS!$A$2:$B$153,2,0),"") | R21: =+P21+Q21 -> 0
C22: =IFERROR(VLOOKUP(B22,CODIGOS!D1:E34,2,0),"") | E22: =IFERROR(VLOOKUP(D22,CODIGOS!$A$2:$B$153,2,0),"") | R22: =+P22+Q22 -> 0
C23: =IFERROR(VLOOKUP(B23,CODIGOS!D1:E34,2,0),"") | E23: =IFERROR(VLOOKUP(D23,CODIGOS!$A$2:$B$153,2,0),"") | R23: =+P23+Q23 -> 0
C24: =IFERROR(VLOOKUP(B24,CODIGOS!D1:E34,2,0),"") | E24: =IFERROR(VLOOKUP(D24,CODIGOS!$A$2:$B$153,2,0),"") | R24: =+P24+Q24 -> 0
C25: =IFERROR(VLOOKUP(B25,CODIGOS!D1:E34,2,0),"") | E25: =IFERROR(VLOOKUP(D25,CODIGOS!$A$2:$B$153,2,0),"") | R25: =+P25+Q25 -> 0
C26: =IFERROR(VLOOKUP(B26,CODIGOS!D1:E34,2,0),"") | E26: =IFERROR(VLOOKUP(D26,CODIGOS!$A$2:$B$153,2,0),"") | R26: =+P26+Q26 -> 0
C27: =IFERROR(VLOOKUP(B27,CODIGOS!D1:E34,2,0),"") | E27: =IFERROR(VLOOKUP(D27,CODIGOS!$A$2:$B$153,2,0),"") | R27: =+P27+Q27 -> 0

Sheet CODIGOS
A1: Seleccionar Regional y Centro | B1: PCI | D1: DIRECCIÓN GENERAL | E1: 1
A2: DIRECCIÓN GENERAL Dirección General | B2: 36-02-00-001-0000 | D2: ANTIOQUIA | E2: 005
A3: ANTIOQUIA Dirección Regional | B3: 36-02-00-005-000000 | D3: ATLÁNTICO | E3: 008
A4: ANTIOQUIA Centro De Los Recursos Naturales Renovables-La Salada | B4: 36-02-00-005-910110 | D4: DISTRITO_CAPITAL | E4: 011
A5: ANTIOQUIA Centro De Formación Profesional Minero Ambiental | B5: 36-02-00-005-912710 | D5: BOLÍVAR | E5: 013
A6: ANTIOQUIA Centro De Diseño Y Manufactura Del Cuero | B6: 36-02-00-005-920110 | D6: BOYACÁ | E6: 015
A7: ANTIOQUIA Centro De Formación En Diseño, Confección y Moda | B7: 36-02-00-005-920210 | D7: CALDAS | E7: 017
A8: ANTIOQUIA Centro Para El Desarrollo Del Hábitat Y la Construcción. | B8: 36-02-00-005-920310 | D8: CAQUETA | E8: 018
A9: ANTIOQUIA Centro De Tecnología De La Manufactura Avanzada | B9: 36-02-00-005-920410 | D9: CAUCA | E9: 019
A10: ANTIOQUIA Centro Tecnológico Del Mobiliario | B10: 36-02-00-005-920510 | D10: CESAR | E10: 020
A11: ANTIOQUIA Centro Textil y De Gestión Industrial | B11: 36-02-00-005-920610 | D11: CÓRDOBA | E11: 023
A12: ANTIOQUIA Centro De Comercio | B12: 36-02-00-005-930110 | D12: CUNDINAMARCA | E12: 025
A13: ANTIOQUIA Centro De Servicios De Salud | B13: 36-02-00-005-940110 | D13: CHOCO | E13: 027
... A34: BOYACÁ Dirección Regional | B34: 36-02-00-015-000000 | D34: VICHADA | E34: 099
A35: BOYACÁ Centro De Desarrollo Agropecuario Y Agroindustrial | B35: 36-02-00-015-911010
A36: BOYACÁ Centro Minero | B36: 36-02-00-015-911110
A37: BOYACÁ Centro De Gestión Administrativa Y Fortalecimiento Empresarial | B37: 36-02-00-015-930510
A38: BOYACÁ Centro Industrial De Mantenimiento Y Manufactura | B38: 36-02-00-015-951410
A39: BOYACÁ Centro de la innovación Agroindustrial y de Servicios. | B39: 36-02-00-015-955110
A40: CALDAS Dirección Regional | B40: 36-02-00-017-000000
A41: CALDAS Centro Para La Formación Cafetera | B41: 36-02-00-017-911210
A42: CALDAS Centro De Automatización Industrial | B42: 36-02-00-017-921910
A43: CALDAS Centro De Procesos Industriales y Construcción. | B43: 36-02-00-017-922010
A44: CALDAS Centro De Comercio Y Servicios | B44: 36-02-00-017-930610
A45: CALDAS Centro Pecuario Y Agroempresarial | B45: 36-02-00-017-951510
A46: CAQUETÁ Dirección Regional | B46: 36-02-00-018-000000
... A153: VICHADA Centro De Producción Y Transformación Agroindustrial de la Orinoquía | B153: 36-02-00-099-953110

Sheet LISTADO PCI's
A1: CONCATENADO | B1: REGIONAL | C1: PCI | D1: Descripción | G1: REGIONAL
A2: =+B2&" "&D2 -> DIRECCIÓN GENERAL SENA Gestión General | B2: DIRECCIÓN GENERAL | C2: 36-02-00-001-0000 | D2: SENA Gestión General | G2: DIRECCIÓN GENERAL | I2: Dirección_General | J2: 1
A3: =+B3&" "&D3 -> ANTIOQUIA SENA Regional ANTIOQUIA Dirección Regional | B3: ANTIOQUIA | C3: 36-02-00-005-000000 | D3: SENA Regional ANTIOQUIA Dirección Regional | G3: ANTIOQUIA | I3: Antioquia | J3: 005
A4: =+B4&" "&D4 -> ANTIOQUIA CENTRO DE LOS RECURSOS NATURALES RENOVA | B4: ANTIOQUIA | C4: 36-02-00-005-910110 | D4: CENTRO DE LOS RECURSOS NATURALES RENOVA | G4: ATLÁNTICO | I4: Atlántico | J4: 008
A5: =+B5&" "&D5 -> ANTIOQUIA CENTRO DE FORMACION PROFESIONAL MINERO AMBIENTAL ANTIOQUIA | B5: ANTIOQUIA | C5: 36-02-00-005-912710 | D5: CENTRO DE FORMACION PROFESIONAL MINERO AMBIENTAL ANTIOQUIA | G5: DISTRITO CAPITAL | I5: Distrito_Capital | J5: 011
A6: =+B6&" "&D6 -> ANTIOQUIA CENTRO DE DISEÑO Y MANUFACTURA DE CUERO | B6: ANTIOQUIA | C6: 36-02-00-005-920110 | D6: CENTRO DE DISEÑO Y MANUFACTURA DE CUERO | G6: BOLÍVAR | I6: Bolivar | J6: 013
A7: =+B7&" "&D7 -> ANTIOQUIA CENTRO DE FORMACIÓN EN DISEÑO CONFECCIÓ | B7: ANTIOQUIA | C7: 36-02-00-005-920210 | D7: CENTRO DE FORMACIÓN EN DISEÑO CONFECCIÓ | G7: BOYACÁ | I7: Boyacá | J7: 015
A8: =+B8&" "&D8 -> ANTIOQUIA CENTRO PARA EL DESARROLLO DEL HABITAT Y | B8: ANTIOQUIA | C8: 36-02-00-005-920310 | D8: CENTRO PARA EL DESARROLLO DEL HABITAT Y | G8: CALDAS | I8: Caldas | J8: 017
A9: =+B9&" "&D9 -> ANTIOQUIA CENTRO DE TECNOLOGÍA DE LA MANUFACTURA | B9: ANTIOQUIA | C9: 36-02-00-005-920410 | D9: CENTRO DE TECNOLOGÍA DE LA MANUFACTURA | G9: CAQUETÁ | I9: Caquetá | J9: 018
A10: =+B10&" "&D10 -> ANTIOQUIA CENTRO TECNOLOGICO DEL MOBILIARIO | B10: ANTIOQUIA | C10: 36-02-00-005-920510 | D10: CENTRO TECNOLOGICO DEL MOBILIARIO | G10: CAUCA | I10: Cauca | J10: 019
A11: =+B11&" "&D11 -> ANTIOQUIA CENTRO TECNOLOGICO DE GESTION INDUSTRIAL | B11: ANTIOQUIA | C11: 36-02-00-005-920610 | D11: CENTRO TECNOLOGICO DE GESTION INDUSTRIAL | G11: CESAR | I11: Cesar | J11: 020
A12: =+B12&" "&D12 -> ANTIOQUIA CENTRO DE COMERCIO | B12: ANTIOQUIA | C12: 36-02-00-005-930110 | D12: CENTRO DE COMERCIO | G12: CÓRDOBA | I12: Córdoba | J12: 023
A13: =+B13&" "&D13 -> ANTIOQUIA CENTRO DE SERV. DE SALUD | B13: ANTIOQUIA | C13: 36-02-00-005-940110 | D13: CENTRO DE SERV. DE SALUD | G13: CUNDINAMARCA | I13: Cundinamarca | J13: 025
A14: =+B14&" "&D14 -> ANTIOQUIA CENTRO DE SERV. Y GESTION EMPRESARIAL | B14: ANTIOQUIA | C14: 36-02-00-005-940210 | D14: CENTRO DE SERV. Y GESTION EMPRESARIAL | G14: CHOCÓ | I14: Chocó | J14: 027
... A35: =+B35&" "&D35 -> DISTRITO CAPITAL CENTRO DE GESTION DE MERCADOS, LOGISTICO | B35: DISTRITO CAPITAL | C35: 36-02-00-011-930310 | D35: CENTRO DE GESTION DE MERCADOS, LOGISTICO | G35: VICHADA | I35: Vichada | J35: 099
A36: =+B36&" "&D36 -> DISTRITO CAPITAL CENTRO DE FORMACION DE TALENTO HUMANO E | B36: DISTRITO CAPITAL | C36: 36-02-00-011-940310 | D36: CENTRO DE FORMACION DE TALENTO HUMANO E
A37: =+B37&" "&D37 -> DISTRITO CAPITAL CENTRO DE GESTION ADMINISTRATIVA | B37: DISTRITO CAPITAL | C37: 36-02-00-011-940410 | D37: CENTRO DE GESTION ADMINISTRATIVA
A38: =+B38&" "&D38 -> DISTRITO CAPITAL CENTRO DE SERV. FINANCIEROS | B38: DISTRITO CAPITAL | C38: 36-02-00-011-940510 | D38: CENTRO DE SERV. FINANCIEROS
A39: =+B39&" "&D39 -> DISTRITO CAPITAL CENTRO NACIONAL DE HOTELERIA. TURISMO Y | B39: DISTRITO CAPITAL | C39: 36-02-00-011-940610 | D39: CENTRO NACIONAL DE HOTELERIA. TURISMO Y
A40: =+B40&" "&D40 -> DISTRITO CAPITAL CENTRO DE FORMACION Y ACTIVIDAD FISICA Y CULTURA | B40: DISTRITO CAPITAL | C40: 36-02-00-011-950810 | D40: CENTRO DE FORMACION Y ACTIVIDAD FISICA Y CULTURA
A41: =+B41&" "&D41 -> BOLÍVAR SENA Regional BOLIVAR Dirección Regional | B41: BOLÍVAR | C41: 36-02-00-013-000000 | D41: SENA Regional BOLIVAR Dirección Regional
A42: =+B42&" "&D42 -> BOLÍVAR CENTRO AGROEMPRESARIAL Y MINERO | B42: BOLÍVAR | C42: 36-02-00-013-910410 | D42: CENTRO AGROEMPRESARIAL Y MINERO
A43: =+B43&" "&D43 -> BOLÍVAR CENTRO NAUTICO ACUICOLA Y PESQUERO | B43: BOLÍVAR | C43: 36-02-00-013-910510 | D43: CENTRO NAUTICO ACUICOLA Y PESQUERO
A44: =+B44&" "&D44 -> BOLÍVAR CENTRO PARA LA INDUSTRIA PETROQUIMICA | B44: BOLÍVAR | C44: 36-02-00-013-921810 | D44: CENTRO PARA LA INDUSTRIA PETROQUIMICA
A45: =+B45&" "&D45 -> BOLÍVAR CENTRO DE COMERCIO Y SERV. | B45: BOLÍVAR | C45: 36-02-00-013-930410 | D45: CENTRO DE COMERCIO Y SERV.
A46: =+B46&" "&D46 -> BOYACÁ SENA Regional BOYACA Dirección Regional | B46: BOYACÁ | C46: 36-02-00-015-000000 | D46: SENA Regional BOYACA Dirección Regional
A47: =+B47&" "&D47 -> BOYACÁ CENTRO DE DESARROLLO AGROPECUARIO Y AGR | B47: BOYACÁ | C47: 36-02-00-015-911010 | D47: CENTRO DE DESARROLLO AGROPECUARIO Y AGR
... A152: =+B152&" "&D152 -> VICHADA CENTRO DE PRODUCCIÓN Y TRANSFORMACION A | B152: VICHADA | C152: 36-02-00-099-953110 | D152: CENTRO DE PRODUCCIÓN Y TRANSFORMACION A

Sheet REG_MUNICIPIO
A1: CONCATENADO
A2: =CONCATENATE(D2," ",E2) -> AMAZONAS EL ENCANTO | D2: AMAZONAS | E2: EL ENCANTO
A3: =CONCATENATE(D3," ",E3) -> AMAZONAS LA CHORRERA | D3: AMAZONAS | E3: LA CHORRERA
A4: =CONCATENATE(D4," ",E4) -> AMAZONAS LA PEDRERA | D4: AMAZONAS | E4: LA PEDRERA
A5: =CONCATENATE(D5," ",E5) -> AMAZONAS LA VICTORIA | D5: AMAZONAS | E5: LA VICTORIA
A6: =CONCATENATE(D6," ",E6) -> AMAZONAS LETICIA | D6: AMAZONAS | E6: LETICIA
A7: =CONCATENATE(D7," ",E7) -> AMAZONAS MIRITI - PARANÁ | D7: AMAZONAS | E7: MIRITI - PARANÁ
A8: =CONCATENATE(D8," ",E8) -> AMAZONAS PUERTO ALEGRIA | D8: AMAZONAS | E8: PUERTO ALEGRIA
A9: =CONCATENATE(D9," ",E9) -> AMAZONAS PUERTO ARICA | D9: AMAZONAS | E9: PUERTO ARICA
A10: =CONCATENATE(D10," ",E10) -> AMAZONAS PUERTO NARIÑO | D10: AMAZONAS | E10: PUERTO NARIÑO
A11: =CONCATENATE(D11," ",E11) -> AMAZONAS PUERTO SANTANDER | D11: AMAZONAS | E11: PUERTO SANTANDER
A12: =CONCATENATE(D12," ",E12) -> AMAZONAS TARAPACÁ | D12: AMAZONAS | E12: TARAPACÁ
A13: =CONCATENATE(D13," ",E13) -> ANTIOQUIA CÁCERES | D13: ANTIOQUIA | E13: CÁCERES
... A169: =CONCATENATE(D169," ",E169) -> ATLÁNTICO USIACURI | D169: ATLÁNTICO | E169: USIACURI
A170: BOGOTÁ D.C. | D170: BOGOTÁ D.C.
A171: =CONCATENATE(D171," ",E171) -> BOLIVAR CICUCO | D171: BOLIVAR | E171: CICUCO
A172: =CONCATENATE(D172," ",E172) -> BOLIVAR HATILLO DE LOBA | D172: BOLIVAR | E172: HATILLO DE LOBA
A173: =CONCATENATE(D173," ",E173) -> BOLIVAR MARGARITA | D173: BOLIVAR | E173: MARGARITA
A174: =CONCATENATE(D174," ",E174) -> BOLIVAR MOMPÓS | D174: BOLIVAR | E174: MOMPÓS
A175: =CONCATENATE(D175," ",E175) -> BOLIVAR SAN FERNANDO | D175: BOLIVAR | E175: SAN FERNANDO
A176: =CONCATENATE(D176," ",E176) -> BOLIVAR TALAIGUA NUEVO | D176: BOLIVAR | E176: TALAIGUA NUEVO
A177: =CONCATENATE(D177," ",E177) -> BOLIVAR ARJONA | D177: BOLIVAR | E177: ARJONA
A178: =CONCATENATE(D178," ",E178) -> BOLIVAR ARROYOHONDO | D178: BOLIVAR | E178: ARROYOHONDO
A179: =CONCATENATE(D179," ",E179) -> BOLIVAR CALAMAR | D179: BOLIVAR | E179: CALAMAR
A180: =CONCATENATE(D180," ",E180) -> BOLIVAR CARTAGENA | D180: BOLIVAR | E180: CARTAGENA
A181: =CONCATENATE(D181," ",E181) -> BOLIVAR CLEMENCIA | D181: BOLIVAR | E181: CLEMENCIA
A182: =CONCATENATE(D182," ",E182) -> BOLIVAR MAHATES | D182: BOLIVAR | E182: MAHATES
... A1120: =CONCATENATE(D1120," ",E1120) -> VICHADA SANTA ROSALÍA | D1120: VICHADA | E1120: SANTA ROSALÍA
